Match 45967861
Unlisted

Match 45967861
End
Construct Section Command Post
Infantry Section
Infantry Section
Selects Canadian Shock Battlegroup
Construct Field Infirmary
Vickers Machine Gun Team
Selects Offensive Resupply
Selects Canadian Shock Section
Canadian Shock Section
Construct Platoon Command Post
Humber Armored Car
Selects Incendiary Munitions
Grenade Package
6-pounder Anti-tank Gun Team
Construct Company Command Post
Matilda II Heavy Tank
Canadian Shock Section
Matilda II Heavy Tank
Selects Pyrotechnics
Matilda II Heavy Tank
Royal Engineer Section
Selects Churchill Crocodile Heavy Tank
Selects Smoke Operation
Churchill Crocodile Heavy Tank
Matilda II Heavy Tank
In The Sky
Sad Pepe
0
0

Comments sign in to comment!

No comments posted yet!